Map: Cerulean Fall LE

Players

Zest - Winner!

  • Race: Protoss Protoss
  • League: Master
  • Spawn Location: 1:00

PtitDrogo

  • Race: Protoss Protoss
  • League: Master
  • Spawn Location: 7:00

Event: HomeStory Cup XVIII

VOD

Have the link to the VOD?

Description

Time

  • Played on: Nov. 23, 2018, 3:21 p.m.
  • Length: 3:53

All games in this series

Show
View Real Time Build Order
Export as new Build Order

Zest Protoss - Winner!

Build Orders: Oracle Opening 

Get SALT Encoding   

  12  0:00  Probe  
  13  0:12  Probe  
  14  0:17  Pylon  
  14  0:24  Probe  
  15  0:32  Probe  
  15  0:37  Gateway  
  15  0:40  Probe  
  16  0:47  Assimilator  
  17  0:50  Probe  
  18  0:59  Probe  
  18  1:04  Assimilator  
  19  1:07  Probe  
  20  1:14  Gateway  
  20  1:17  Probe  
  21  1:25  Cybernetics Core  
  21  1:29  Probe  
  22  1:38  Pylon  
  22  1:41  Probe  
  23  1:56  Probe  
  24  2:02  Adept x2  
  24  2:05  Pylon  
  28  2:25  Stargate  
  28  2:31  Adept  
  28  2:33  Adept  
  31  2:54  Pylon  
  31  2:55  Probe  
  31  2:58  Adept  
  34  3:00  Oracle, Adept  
  42  3:41  Nexus  
Show
View Real Time Build Order
Export as new Build Order

PtitDrogo Protoss 

Build Orders:  

Get SALT Encoding   

  12  0:00  Probe  
  13  0:13  Probe  
  14  0:17  Pylon  
  14  0:24  Probe  
  15  0:32  Probe  
  15  0:39  Gateway  
  15  0:40  Probe  
  16  0:46  Assimilator  
  17  0:51  Probe  
  17  0:55  Assimilator  
  18  0:59  Probe  
  19  1:07  Probe  
  20  1:15  Gateway  
  20  1:17  Probe  
  21  1:29  Probe, Cybernetics Core  
  22  1:40  Pylon  
  22  1:45  Probe  
  23  1:56  Warp Gate  
  23  1:58  Probe  
  24  2:05  Sentry, Stalker  
  28  2:17  Pylon  
  28  2:18  Probe  
  29  2:37  Stalker x2  
  32  2:52  Nexus  
  32  2:58  Shield Battery  
  32  3:04  Probe  
  33  3:07  Shield Battery  
  33  3:11  Sentry x2  
  37  3:16  Pylon  
  37  3:22  Probe  
  38  3:32  Shield Battery  
  38  3:35  Probe  
  39  3:41  Robotics Facility  
Tags
 
Add a new tag
Caveats
  • Supply blocks, unpowered buildings, or Contaminate may cause inaccurate times.
  • Supply counts are checked every 10 seconds.